 Dungeon Crawl Stone Soup version 0.25-a0-503-ge281fa673e (webtiles) character file.

Game seed: 11769698367057679323, levelgen mode: deterministic

16 kae the Insei (level 2, 0/22 HPs)
             Began as a Demonspawn Gladiator on Feb 13, 2020.
             Slain by a rat (2 damage)
             ... on level 1 of the Dungeon.
             The game lasted 00:00:49 (214 turns).

kae the Insei (Demonspawn Gladiator)                 Turns: 214, Time: 00:00:50

Health: 0/22       AC:  4    Str: 12 (14) XL:     2   Next: 37%
Magic:  2/2        EV: 12    Int:  8 (9)  God:
Gold:   16         SH:  0    Dex: 11 (14) Spells: 1/1 levels left

rFire    . . .     SeeInvis +     - Unarmed
rCold    . . .     Gourm    .   (no shield)
rNeg     . . .     Faith    .   a - +0 leather armour
rPois    .         Spirit   .   b - +0 helmet
rElec    .         Reflect  .   (no cloak)
rCorr    .         Harm     .   (no gloves)
MR       .....                  (no boots)
Stlth    ++........             (no amulet)
HPRegen  0.07/turn              e - ring of stealth
MPRegen  0.08/turn              f - ring of see invisible

@: no status effects
A: claws 1
a: no special abilities


You were on level 1 of the Dungeon.
You were not hungry.

You visited 1 branch of the dungeon, and saw 1 of its levels.

You collected 16 gold pieces.

Inventory:

Missiles
 c - 3 throwing nets (quivered)
Armour
 a - a +0 leather armour (worn)
 b - a +0 helmet (worn)
Jewellery
 e - a ring of stealth (left claw)
 f - a ring of see invisible (right claw)
 i - an uncursed amulet of faith
Comestibles
 d - a ration


   Skills:
 + Level 2.2 Fighting
 - Level 1.7 Throwing
 + Level 2.9 Dodging
 * Level 3.1 Unarmed Combat


You had one spell level left.
You didn't know any spells.
Your spell library was empty.

Dungeon Overview and Level Annotations

Branches:
Dungeon (1/15)

Altars:


Innate Abilities, Weirdness & Mutations

You have sharp fingernails.


Message History

There is an open door here.
You reach down and close the door.
A hobgoblin opens the door.
You are starting to lose your buoyancy.
You float gracefully downwards.
You don't know any spells.
You aren't carrying any potions.
You aren't carrying any potions.
You barely miss the hobgoblin. The hobgoblin hits you.
* * * LOW HITPOINT WARNING * * *
You barely miss the hobgoblin.
The hobgoblin hits you but does no damage.
You scratch the hobgoblin.
The hobgoblin is almost dead.
The rat bites you.
* * * LOW HITPOINT WARNING * * *
The hobgoblin hits you but does no damage.
You barely miss the hobgoblin.
The hobgoblin is almost dead.
The rat bites you.
You die...

#.................
+...........).....
.#.................
#.###.............## #.#
###.........### #.#
###.....### ..#
###.........# g###
#.###.............# .....
###.#@g.....≈≈≈(......
......#...#.r...≈≈≈≈≈≈≈.....
..$.....#.#....≈≈≈≈≈≈≈≈≈....
.....####'##################
.... #.........)...........
.. #.....#########.#####.
+.....+..(.....[# #.
#.....######.##.#####.
+.....................


You could see a hobgoblin and a rat.

Vanquished Creatures
  A gnoll (D:1)
  A goblin (D:1)
  A hobgoblin (D:1)
  A kobold (D:1)
  A frilled lizard (D:1)
  A rat (D:1)
6 creatures vanquished.

Notes
Turn   | Place    | Note
-------+----------+-------------------------------------------
     0 | D:1      | kae the Demonspawn Gladiator began the quest for the Orb.
     0 | D:1      | Reached XP level 1. HP: 16/16 MP: 1/1
   157 | D:1      | Reached skill level 3 in Unarmed Combat
   157 | D:1      | Gained mutation: You have sharp fingernails. [demonic
                  | ancestry]
   157 | D:1      | Reached XP level 2. HP: 3/22 MP: 2/2
   214 | D:1      | Slain by a rat

Levels and vault maps discovered:
D:1:      nzn_arrival_depleted_hourglass, layout_basic

Skill      XL: |  1 |
---------------+----+-----
Unarmed Combat | 3 |  3.1
Fighting       | |  2.2
Throwing       | |  1.7
Dodging        | |  2.9

Action                   || total
-------------------------++-------
Melee: Unarmed           ||    37
       Punch             ||     1
  Use: Potion            ||     2
Armor: Leather armour    ||    10
Dodge: Dodged            ||    16

Table legend:
 A = Non-vault XP
 B = Vault XP
 C = Vault XP percentage of total XP
 D = Non-vault monster count
 E = Vault monster count
 F = Vault count percentage of total count
                 A         B        C        D         E       F
            +---------+---------+-------+---------+---------+-------
      Total |      23 |       0 |   0.0 |       6 |       0 |   0.0
            +---------+---------+-------+---------+---------+-------
        D:1 |      23 |       0 |   0.0 |       6 |       0 |   0.0
            +---------+---------+-------+---------+---------+-------
